[Event "*** Titled Tuesday Blitz"]
[Site "Chess.com"]
[Date "2020.11.03"]
[Round "3"]
[White "Vanina1989"]
[Black "Ural_bogatyr"]
[Result "1-0"]
[WhiteElo "2603"]
[BlackElo "2381"]
[TimeControl "180+1"]
[EndTime "10:30:45 PST"]
[Termination "Vanina1989 won by resignation"]

1. d4 Nf6 2. c4 e5 3. dxe5 Ng4 4. Nf3 Bc5 5. e3 Nc6 6. Nc3 O-O 7. Be2 Re8 8. O-O Ngxe5 9. Nd4 a5 10. b3 Qh4 11. Ndb5 Re6 12. g3 Qh3 13. Qd5 Nb4 14. Qg2 Qxg2+ 15. Kxg2 Na6 16. Bb2 c6 17. Nd4 Re8 18.
Rfd1 d6 19. Ne4 Nxc4 20. Nf6+ gxf6 21. bxc4 Nc7 22. Nb3 Kg7 23. Rd2 Bb4 24. Rd4 a4 25. a3 axb3 26. axb4 Rxa1 27. Bxa1 Ne6 28. Rxd6 b5 29.
c5 Rd8 30. Bd1 Bb7 31. Rxd8 Nxd8 32. Bxb3 Ne6 33. f4 Nc7 34. e4 Ne8 35. f5 Kf8 36.
Kf3 Bc8 37. g4 Ke7 38. Kf4 Nc7 39. h4 Na6 40. Bc3 Nb8 41. g5 Nd7 42. Bd4 fxg5+ 43. Kxg5 f6+ 44. Kh6 Nf8 45. Kg7 Nd7 46. Be6 h5 47.
Bc3 1-0

[Event "*** Titled Tuesday Blitz"]
[Site "Chess.com"]
[Date "2020.11.03"]
[Round "3"]
[White "Onischuk_V"]
[Black "Mikhail_Golubev"]
[Result "1-0"]
[WhiteElo "2824"]
[BlackElo "2553"]
[TimeControl "180+1"]
[EndTime "10:30:47 PST"]
[Termination "Onischuk_V won by resignation"]

1. e4 c5 2. Ne2 Nf6 3. Nbc3 d6 4. g3 g6 5. d4 cxd4 6. Nxd4 Nc6 7.
Bg2 Nxd4 8. Qxd4 Bg7 9. e5 Nd7 10. Qa4 O-O 11. exd6 Nb6 12. Qf4 exd6 13. O-O d5 14.
Rd1 Be6 15. Be3 Rc8 16. Bd4 Rc4 17. Qe3 Re8 18. Bxg7 Kxg7 19. Qd2 Qc7 20. Nb5 Qc5 21.
Nd4 Bg4 22. f3 Bd7 23. c3 Qd6 24. Re1 Rcc8 25. Bf1 Qf6 26. Rxe8 Rxe8 27. Re1 Nc4 28. Bxc4 Rxe1+ 29. Qxe1 dxc4 30. Kf2 b5 31. Qe4 a6 32. Qd5 Bc8 33. h4 h6 34. f4 Bg4 35. Ke3 Qe7+ 36.
Qe5+ Kf8 37. Ke4 f6 38. Qxe7+ Kxe7 39. Kd5 Kd7 40. Kc5 Kc7 41. a4 Bd7 42. axb5 axb5 43. Nxb5+ Kb7 44. Nd6+ Kc7 45. Nxc4 Be6 46. Ne3 1-0

[Event "*** Titled Tuesday Blitz"]
[Site "Chess.com"]
[Date "2020.11.03"]
[Round "3"]
[White "CarlssonLudvig"]
[Black "TorFredrikKaasen"]
[Result "0-1"]
[WhiteElo "2438"]
[BlackElo "2694"]
[TimeControl "180+1"]
[EndTime "10:30:47 PST"]
[Termination "TorFredrikKaasen won on time"]

1. e4 c5 2. Nc3 Nc6 3. Bb5 Nd4 4. Bc4 g6 5. Nf3 Bg7 6. Nxd4 cxd4 7. Qf3 Nf6 8. e5 dxc3 9. dxc3 O-O 10. exf6 Bxf6 11.
Bh6 Re8 12. h4 e6 13. O-O-O d5 14. Bb5 Rf8 15. Bxf8 Kxf8 16. Kb1 h5 17. g4 hxg4 18. Qxg4 e5 19. Qf3 e4 20. Qf4 Kg7 21. h5 g5 22. h6+ Kh7 23. Qg3 Be6 24. f4 Qd6 25. Rdf1 Rg8 26. Rhg1 Rg6 27. Be2 gxf4 28. Qh2 Bg5 29. c4 Qe5 30. cxd5 Bxd5 31. Re1 Rb6 32. c3 Qxc3 33. Bg4 Qc4 34. Bf5+ Kh8 35. Rxg5 Qxa2+ 0-1

[Event "*** Titled Tuesday Blitz"]
[Site "Chess.com"]
[Date "2020.11.03"]
[Round "3"]
[White "NikolaGry"]
[Black "Forantes"]
[Result "1-0"]
[WhiteElo "2633"]
[BlackElo "2411"]
[TimeControl "180+1"]
[EndTime "10:30:47 PST"]
[Termination "NikolaGry won by resignation"]

1. e4 c5 2. Be2 Nc6 3. f4 g6 4.
Nf3 Bg7 5. c3 e6 6. O-O Nge7 7.
d3 d5 8. e5 O-O 9. d4 cxd4 10.
cxd4 Qb6 11. Nc3 a6 12. Na4 Qa7 13. Be3 b5 14. Nc5 Nf5 15. Bf2 Bd7 16. Rc1 Rfc8 17. g4 Nfe7 18. Be3 Na5 19. b3 Rc7 20. Qe1 Nb7 21.
Nxd7 Rxd7 22. Qh4 Nd8 23. Ng5 h6 24. Nf3 Ndc6 25. Kg2 Rf8 26. h3 Kh7 27. f5 exf5 28. e6 fxe6 29. Ng5+ Kg8 30. Nxe6 Rf7 31. Nxg7 Rxg7 32.
Qxh6 Nxd4 33. Rfd1 Nec6 34. Rxc6 Nxc6 35. Bxa7 Nxa7 36.
Qf4 fxg4 37. Bxg4 Rde7 38. Rxd5 Nc6 39. Rd6 Nb8 40. Be6+ 1-0

[Event "*** Titled Tuesday Blitz"]
[Site "Chess.com"]
[Date "2020.11.03"]
[Round "3"]
[White "SantoBlue"]
[Black "Karacsonyi_Gellert"]
[Result "1-0"]
[WhiteElo "2904"]
[BlackElo "2666"]
[TimeControl "180+1"]
[EndTime "10:30:48 PST"]
[Termination "SantoBlue won by resignation"]

1. e4 c5 2. Nf3 Nc6 3. c3 Nf6 4.
e5 Nd5 5. Bc4 Nb6 6. Bb3 e6 7.
O-O d6 8. exd6 Bxd6 9. a4 O-O 10. a5 Nd5 11. d4 cxd4 12. Nxd4 Nxd4 13. Qxd4 Qf6 14.
Qxf6 Nxf6 15. Nd2 e5 16. Nc4 Bc7 17. Bg5 Be6 18. Bxf6 gxf6 19. Ba2 Rfd8 20. Ne3 Rd2 21. Bxe6 fxe6 22. Nc4 Rd7 23. Rfd1 Rad8 24. Rxd7 Rxd7 25. Kf1 Kf7 26. Ke2 e4 27. g3 f5 28. Ra4 Kf6 29. Rb4 Bd8 30. Rb5 Be7 31. Ne3 Rc7 32. g4 f4 33. Nf1 a6 34. Rh5 Rc5 35. Rh6+ Ke5 36. Rxh7 f3+ 37. Ke1 Bg5 38. h4 Rxa5 39. hxg5 Ra1+ 40. Kd2 Rxf1 41. Rh2 Kf4 42. g6 Rg1 43. g7 Rxg4 44. Rh4 Rxh4 45. g8=Q Rg4 46. Qb8+ Kf5 47.
Ke3 1-0

[Event "*** Titled Tuesday Blitz"]
[Site "Chess.com"]
[Date "2020.11.03"]
[Round "3"]
[White "Peng_Li-Min"]
[Black "Dinamo3"]
[Result "0-1"]
[WhiteElo "2614"]
[BlackElo "2422"]
[TimeControl "180+1"]
[EndTime "10:30:48 PST"]
[Termination "Dinamo3 won by resignation"]

1. Nf3 Nf6 2. c4 g6 3. b3 Bg7 4. Bb2 O-O 5. g3 d6 6. d4 Nc6 7. d5 Na5 8. Bg2 c5 9. dxc6 Nxc6 10. O-O Bd7 11. Nd4 Nxd4 12. Qxd4 Bc6 13. e4 Qa5 14. Qd3 Rfc8 15. Nc3 a6 16. a3 b5 17. cxb5 axb5 18.
b4 Qb6 19. Rac1 Nd7 20. Qe2 Qb7 21. Nd5 Bxd5 22. exd5 Bxb2 23. Qxb2 Nb6 24. Rc6 Nc4 25. Qd4 Rxa3 26. Re1 Rca8 27. h4 h5 28. g4 hxg4 29.
h5 g3 30. hxg6 gxf2+ 31. Qxf2 fxg6 32. Qh4 Qa7+ 33. Kh2 Re3 34. Rf1 Ne5 35. Bh3 Qa2+ 36. Kh1 Rxh3+ 37. Qxh3 Qxd5+ 38. Qg2 Qxg2+ 39. Kxg2 Nxc6 0-1

[Event "*** Titled Tuesday Blitz"]
[Site "Chess.com"]
[Date "2020.11.03"]
[Round "3"]
[White "Atousa1"]
[Black "CaspiIsrael"]
[Result "1-0"]
[WhiteElo "2412"]
[BlackElo "2607"]
[TimeControl "180+1"]
[EndTime "10:30:48 PST"]
[Termination "Atousa1 won on time"]

1. e4 e5 2. Nf3 Nc6 3. Bb5 g6 4.
d4 exd4 5. Bg5 Be7 6. Bxe7 Qxe7 7. O-O Nf6 8. e5 Ng4 9. Bxc6 dxc6 10. Qxd4 O-O 11.
Nc3 Re8 12. Rfe1 Bf5 13. Qf4 Qc5 14. Re2 f6 15. Rae1 fxe5 16. Nxe5 Nxe5 17. Rxe5 Rxe5 18. Qxe5 Qxe5 19. Rxe5 Bxc2 20. Re7 Rc8 21. g4 g5 22.
Kg2 Kf8 23. Rd7 Bg6 24. Kg3 b6 25. h4 h6 26. h5 Bc2 27. f4 gxf4+ 28. Kxf4 a5 29.
Ke5 Ke8 30. Rg7 Kf8 31. Kf6 Rd8 32. Rxc7 Rd6+ 33. Ke5 Rd2 34. Rxc6 Rg2 35. Rxb6 Kg7 36. Rb7+ Kh8 37. Kf4 Bd3 38. Nd5 Kg8 39. Nf6+ Kf8 40.
Ra7 Rxb2 41. Nd7+ Ke8 42. Ne5 1-0

[Event "*** Titled Tuesday Blitz"]
[Site "Chess.com"]
[Date "2020.11.03"]
[Round "3"]
[White "Klavdia_Nik"]
[Black "The_Machine04"]
[Result "1-0"]
[WhiteElo "2084"]
[BlackElo "2306"]
[TimeControl "180+1"]
[EndTime "10:30:48 PST"]
[Termination "Klavdia_Nik won on time"]

1. Nf3 Nf6 2. c4 e6 3. b3 d5 4.
Bb2 c5 5. g3 Nc6 6. Bg2 Be7 7.
O-O O-O 8. d3 a5 9. Nc3 d4 10.
Nb5 Re8 11. a3 Bf8 12. Bc1 h6 13. Bd2 e5 14. Ne1 e4 15. Bf4 g5 16. Nc7 gxf4 17. Nxa8 Bg4 18. dxe4 Qxa8 19. f3 Bd7 20. gxf4 Qb8 21. Nd3 Nh5 22. Qe1 Nxf4 23. Nxf4 Qxf4 24. Qg3+ Qxg3 25. hxg3 Bd6 26. Kf2 Kg7 27. f4 Bf8 28.
Bf3 Nd8 29. Rad1 Bc6 30. e5 Bxf3 31. Kxf3 Nc6 32. g4 Kg6 33. Rh1 Kg7 34. Rdg1 Kg8 35. g5 1-0

[Event "*** Titled Tuesday Blitz"]
[Site "Chess.com"]
[Date "2020.11.03"]
[Round "3"]
[White "GOGIEFF"]
[Black "tdf98pantani"]
[Result "0-1"]
[WhiteElo "2896"]
[BlackElo "2697"]
[TimeControl "180+1"]
[EndTime "10:30:49 PST"]
[Termination "tdf98pantani won by resignation"]

1. d4 Nf6 2. c4 e6 3. Nc3 Bb4 4. e3 O-O 5. Bd3 c5 6. Nf3 Bxc3+ 7. bxc3 d6 8. O-O Nc6 9. Nd2 e5 10. d5 Ne7 11. f3 h6 12. Rf2 Nh7 13. Qc2 f5 14. Nf1 Nf6 15. Ng3 g6 16. a4 a5 17. Rb1 b6 18. Nf1 Bd7 19. Qa2 Nc8 20.
Rfb2 Rb8 21. f4 Qe8 22. Bc2 g5 23. Bd2 Ne4 24. Bxe4 fxe4 25. fxe5 dxe5 26. Ng3 Qg6 27. Rb3 h5 28. Qb2 h4 29. Nf1 Bxa4 30. Ra3 Bd7 31.
Rxa5 Nd6 32. Ra7 Rf7 33. h3 g4 34. hxg4 Qxg4 35. Be1 h3 36. Nh2 Qg5 37. Qe2 Nxc4 38. g3 Qxe3+ 39. Qxe3 Nxe3 40. Bf2 Nxd5 41. Bxc5 Nxc3 42. Rb2 Nb5 43. Rxd7 Rxd7 44. Rxb5 Rd1+ 45. Kf2 Rd2+ 46. Kg1 Rg2+ 47. Kh1 Rd8 0-1

[Event "*** Titled Tuesday Blitz"]
[Site "Chess.com"]
[Date "2020.11.03"]
[Round "3"]
[White "RD4ever"]
[Black "Harry_Rakkel"]
[Result "1-0"]
[WhiteElo "2858"]
[BlackElo "2635"]
[TimeControl "180+1"]
[EndTime "10:30:49 PST"]
[Termination "RD4ever won by resignation"]

1. d4 Nf6 2. c4 e6 3. Nf3 d5 4. g3 Bb4+ 5. Bd2 Be7 6. Bg2 O-O 7. O-O Nbd7 8. Qb3 c6 9. Bb4 b6 10. Bxe7 Qxe7 11. Rc1 Bb7 12. Qa3 Qxa3 13. Nxa3 Rfc8 14. Ne5 Nxe5 15. dxe5 Nd7 16. f4 f6 17. Bh3 Kf7 18.
cxd5 cxd5 19. Nb5 Ke7 20. Nc7 Rab8 21. exf6+ Nxf6 22. Nxe6 g6 23. Nd4 Rc5 24. Kf2 a5 25.
Bg2 Re8 26. Rxc5 bxc5 27. Nb3 Kd6 28. Nxa5 Ba6 29. Bf3 Rb8 30. Rb1 h5 31. a3 c4 32.
b4 Bb5 33. Rd1 Ke6 34. Ke3 Rc8 35. Rc1 Rc7 36. Kd4 Kd6 37. e4 dxe4 38. Bxe4 Nxe4 39. Kxe4 c3 40. Nb3 c2 41. Nc5 Re7+ 42. Kd4 Re2 43. Kc3 Rxh2 44. Rxc2 Rh3 45. Kd4 Rxg3 46. Ne4+ 1-0

[Event "*** Titled Tuesday Blitz"]
[Site "Chess.com"]
[Date "2020.11.03"]
[Round "3"]
[White "NeverW84M8"]
[Black "Grandelicious"]
[Result "0-1"]
[WhiteElo "2491"]
[BlackElo "2798"]
[TimeControl "180+1"]
[EndTime "10:30:49 PST"]
[Termination "Grandelicious won by resignation"]

1. d4 Nf6 2. Bg5 Ne4 3. Bf4 e6 4. e3 b6 5. Bd3 Bb7 6. f3 Nf6 7. e4 c5 8. c3 Nc6 9. Ne2 cxd4 10. cxd4 Nb4 11. Nbc3 Nxd3+ 12. Qxd3 Be7 13. d5 exd5 14.
exd5 Nh5 15. d6 Nxf4 16. Nxf4 Bg5 17. Qe2+ Kf8 18. Nfd5 Qe8 19. Nc7 Qxe2+ 20. Kxe2 Rc8 21. Rad1 g6 22. N3d5 Kg7 23. g3 h5 24. f4 Bd8 25.
Rhe1 h4 26. g4 Bxd5 27. Nxd5 Rc6 28. Ne7 Rc2+ 29. Rd2 Rxd2+ 30. Kxd2 h3 31. g5 f6 32. f5 gxf5 33. Nxf5+ Kf7 34. gxf6 Bxf6 35. b3 Rh5 36. Ne3 Be5 37. Re2 Bxd6 38. Nc4 Bb4+ 39. Kd3 d6 40. Kd4 Bc5+ 41. Ke4 d5+ 0-1

[Event "*** Titled Tuesday Blitz"]
[Site "Chess.com"]
[Date "2020.11.03"]
[Round "3"]
[White "Andreikka"]
[Black "GP9isback23"]
[Result "1-0"]
[WhiteElo "2909"]
[BlackElo "2467"]
[TimeControl "180+1"]
[EndTime "10:30:49 PST"]
[Termination "Andreikka won by resignation"]

1. d4 Nf6 2. Bf4 e6 3. e3 d5 4. Nf3 Bd6 5. Bg3 O-O 6. Nbd2 b6 7. c3 Bb7 8. Bd3 c5 9. Qe2 Nc6 10. Rd1 Qc7 11. e4 dxe4 12. Nxe4 Nxe4 13. Qxe4 g6 14.
dxc5 bxc5 15. Bxd6 Qxd6 16. Ba6 Qc7 17. Bxb7 Qxb7 18.
Ne5 Rac8 19. O-O Qa6 20. Nd7 Rfd8 21. Nxc5 Qxa2 22. Rxd8+ Nxd8 23. Nd7 Qa5 24. Qd4 e5 25. Nxe5 Ne6 26. Qd7 Qc7 27. Ra1 Qxd7 28. Nxd7 Rc7 29. Nf6+ Kf8 30. Kf1 Rb7 31. Ra2 h5 32. h4 Ke7 33.
Ne4 Nf4 34. Nc5 Rc7 35. b4 Nd5 36. Ra3 Nb6 37. g3 Kd6 38. Ke2 Kd5 39. Kd3 Nc4 40.
Ra6 Ne5+ 41. Kc2 Ng4 42. Nd3 Ke4 43. Rd6 Kf3 44. Rd4 Kg2 45. Rf4 f5 46. c4 Kf1 47.
Kd2 Rd7 48. Kc3 Ke2 49. Rd4 Rc7 50. Rd6 Nxf2 51. Nxf2 Kxf2 52. Rxg6 Kf3 53. c5 a5 54.
c6 a4 55. b5 a3 56. Kb3 Ra7 57. Ka2 f4 58. gxf4 Kxf4 59. b6 1-0

[Event "*** Titled Tuesday Blitz"]
[Site "Chess.com"]
[Date "2020.11.03"]
[Round "3"]
[White "manipun1"]
[Black "Tashik"]
[Result "0-1"]
[WhiteElo "2232"]
[BlackElo "2497"]
[TimeControl "180+1"]
[EndTime "10:30:49 PST"]
[Termination "Tashik won on time"]

1. e4 Nf6 2. d3 e5 3. Nd2 d5 4. Ngf3 Nc6 5. Be2 Bc5 6. O-O O-O 7. c3 a5 8. h3 Re8 9. Re1 a4 10. Bf1 h6 11. Qc2 Be6 12. exd5 Bxd5 13. Ne4 Bf8 14. Be3 b6 15. g3 Nh5 16. g4 Nf4 17. Bxf4 exf4 18. Bg2 Qd7 19. d4 f5 20. gxf5 Qxf5 21.
Nfd2 Rad8 22. Qd1 g5 23. Qxa4 Bg7 24. Qd1 Qg6 25. Qg4 Be6 26. Qd1 h5 27. Nf3 g4 28.
Nh4 Qh6 29. Kh2 f3 30. Bf1 Qf4+ 31. Ng3 Qg5 32. Ng6 Qxg6 33. h4 Qf6 34. Kg1 Qxh4 0-1

[Event "*** Titled Tuesday Blitz"]
[Site "Chess.com"]
[Date "2020.11.03"]
[Round "3"]
[White "VladaSviridova"]
[Black "Region_07"]
[Result "0-1"]
[WhiteElo "2296"]
[BlackElo "2455"]
[TimeControl "180+1"]
[EndTime "10:30:49 PST"]
[Termination "Region_07 won on time"]

1. d4 d5 2. c4 Nc6 3. Nf3 Bg4 4. e3 e5 5. Qb3 Bxf3 6. gxf3 Bb4+ 7. Bd2 Bxd2+ 8.
Nxd2 exd4 9. cxd5 dxe3 10. fxe3 Qh4+ 11. Kd1 Nce7 12. Qxb7 Rd8 13. Bb5+ Kf8 14. e4 Nf6 15. Rc1 Nexd5 16. exd5 Nxd5 17. Kc2 Qb4 18. Rhd1 Ne3+ 19. Kb1 Nxd1 20. Rxd1 Rxd2 21. Qc8+ Ke7 22. Qxc7+ Kf6 23.
Qc6+ Kg5 24. Rg1+ Kh5 25. Qc1 Qd4 26. f4 Rb8 27. Be2+ Kh6 28. f5 Qe3 29. b3 Qe4+ 30.
Ka1 Qe5+ 31. Kb1 Qd4 32. Bc4 Qe4+ 33. Ka1 Qe3 0-1

[Event "*** Titled Tuesday Blitz"]
[Site "Chess.com"]
[Date "2020.11.03"]
[Round "3"]
[White "AurumO"]
[Black "woodhy"]
[Result "0-1"]
[WhiteElo "1970"]
[BlackElo "2476"]
[TimeControl "180+1"]
[EndTime "10:30:50 PST"]
[Termination "woodhy won on time"]

1. e4 e6 2. d4 d5 3. exd5 exd5 4. Bd3 Bd6 5. Nf3 Ne7 6. c3 Bf5 7. a4 O-O 8. O-O Nd7 9. Re1 Bg6 10. Bf1 Re8 11. g3 b6 12. Bg2 c5 13. Be3 Qc7 14.
Nbd2 Nf6 15. Bg5 Ne4 16. Bxe7 Rxe7 17. h4 Rae8 18. Nxe4 dxe4 19. Ng5 e3 20. f4 Bxf4 21.
gxf4 Qxf4 22. Qf3 Qxh4 23. Nh3 cxd4 24. cxd4 Qxd4 25. Re2 Qc5 26. Nf4 Be4 27. Qg3 Bxg2 28. Nxg2 Re5 29. Rae1 Rg5 30. Qf3 h6 31. Rxe3 Rge5 32.
Rf1 Rxe3 33. Qxf7+ Kh8 34. Nxe3 Qxe3+ 35. Rf2 Qg5+ 36.
Kf1 Re7 37. Qf8+ Kh7 38. Qf3 Qc1+ 39. Kg2 Qg5+ 40. Kf1 Re6 41. Qd3+ Rg6 0-1

[Event "*** Titled Tuesday Blitz"]
[Site "Chess.com"]
[Date "2020.11.03"]
[Round "3"]
[White "Vuk2000"]
[Black "Everyfishknows"]
[Result "1-0"]
[WhiteElo "2661"]
[BlackElo "2416"]
[TimeControl "180+1"]
[EndTime "10:30:52 PST"]
[Termination "Vuk2000 won by resignation"]

1. d4 Nf6 2. Bg5 Ne4 3. Bf4 c5 4. f3 Qa5+ 5. c3 Nf6 6. d5 Qb6 7.
Bc1 e6 8. e4 exd5 9. exd5 c4 10.
Bxc4 Bc5 11. Ne2 O-O 12. b4 Bd6 13. Qd4 Qxd4 14. Nxd4 Be5 15. Be3 d6 16. Kf2 Nbd7 17. Ne2 Nb6 18. Bxb6 axb6 19. f4 Ng4+ 20. Kf3 Bf6 21.
h3 Nh6 22. g4 g5 23. Nd2 gxf4 24. g5 Bxg5 25. Rag1 f6 26. h4 Nf7 27. hxg5 fxg5 28. Nxf4 Ne5+ 29. Ke3 Ng4+ 30. Rxg4 Bxg4 31. Ne6 Rae8 32.
Rg1 h5 33. Be2 Bxe2 34. Rxg5+ Kh7 35. Kxe2 Kh6 36. Ne4 Rf6 37. Nxf6 Rxe6+ 38. dxe6 Kxg5 39. e7 1-0

[Event "*** Titled Tuesday Blitz"]
[Site "Chess.com"]
[Date "2020.11.03"]
[Round "3"]
[White "jaskol95"]
[Black "WonderChampion"]
[Result "1-0"]
[WhiteElo "2312"]
[BlackElo "2016"]
[TimeControl "180+1"]
[EndTime "10:30:52 PST"]
[Termination "jaskol95 won on time"]

1. d4 d5 2. Bf4 Nf6 3. e3 e6 4. c3 c5 5. Nd2 Nc6 6. Ngf3 cxd4 7. exd4 Bd6 8. Bg3 Bxg3 9. hxg3 O-O 10. Bd3 h6 11.
Ne5 Qc7 12. Ndf3 Ne4 13. Qe2 f5 14. Nxc6 bxc6 15. O-O Bd7 16. Bxe4 fxe4 17. Ne5 Rab8 18. b4 Qd6 19. a4 Rf6 20. a5 Qc7 21. f4 exf3 22. gxf3 Rbf8 23. Kg2 Qb7 24. Rae1 Be8 25. Nd3 Qf7 26. Nc5 Bd7 27. f4 Rd8 28. Rf3 Kf8 29. Re3 Ke7 30. Qa6 g5 31. Nd3 Rg8 32. Ne5 Qe8 33.
Qxa7 Rg7 34. Qc5+ Kd8 35. Qd6 Qe7 36. Nxc6+ 1-0

[Event "*** Titled Tuesday Blitz"]
[Site "Chess.com"]
[Date "2020.11.03"]
[Round "3"]
[White "KuzubovYuriy"]
[Black "lucasmito"]
[Result "1-0"]
[WhiteElo "2825"]
[BlackElo "2556"]
[TimeControl "180+1"]
[EndTime "10:30:53 PST"]
[Termination "KuzubovYuriy won by resignation"]

1. d4 d5 2. c4 dxc4 3. e4 e5 4. Nf3 exd4 5. Bxc4 Nc6 6. O-O Be6 7. Bxe6 fxe6 8.
Qb3 Qd7 9. Qxb7 Rb8 10. Qa6 Nf6 11. Nbd2 Bd6 12. b3 O-O 13. Bb2 e5 14. Qd3 Nh5 15. Rfc1 Kh8 16. Nf1 Nf4 17. Qd1 Nb4 18. Rc4 Nbd3 19.
Bc1 Rf6 20. Bxf4 Nxf4 21. Ng3 Rbf8 22. Ne1 g6 23. Rac1 h5 24. h4 Nh3+ 25. gxh3 Rxf2 26. R1c2 R2f3 27. Nxf3 Qxh3 28. Rg2 Qg4 29. Rcc2 Rxf3 30.
Rcf2 Rxg3 31. Qxg4 Rxg4 32. Rxg4 hxg4 33. Rg2 d3 34.
Kf1 Bc5 35. Rxg4 Kh7 36. Rg3 d2 37. Ke2 Bb4 38. Rg5 a5 39. Rxe5 1-0

[Event "*** Titled Tuesday Blitz"]
[Site "Chess.com"]
[Date "2020.11.03"]
[Round "3"]
[White "annazero"]
[Black "Semetey"]
[Result "0-1"]
[WhiteElo "2372"]
[BlackElo "2583"]
[TimeControl "180+1"]
[EndTime "10:30:53 PST"]
[Termination "Semetey won on time"]

1. d4 Nf6 2. Nf3 g6 3. g3 Bg7 4. Bg2 O-O 5. O-O d5 6. c4 c6 7.
cxd5 cxd5 8. Nc3 Ne4 9. Ne5 Nxc3 10. bxc3 Nc6 11. Nxc6 bxc6 12. Ba3 Re8 13. e4 e6 14.
exd5 cxd5 15. Re1 Ba6 16. Qa4 Bc4 17. Bf1 Rc8 18. Bc5 Bxf1 19. Rxf1 Rc7 20. Rab1 Bf8 21.
Bb4 Bxb4 22. cxb4 Qb8 23. Rfc1 Rec8 24. Rxc7 Rxc7 25. b5 Rc4 26. Rb4 Rc1+ 27. Kg2 Qc7 28. Qb3 h5 29. h4 Rc3 30. Qd1 Rc2 31. a4 Qc3 32. Rb1 Rd2 33. Qf3 Qxd4 34. a5 Rd3 35.
Qf4 Qxf4 36. gxf4 Ra3 37. b6 axb6 0-1

[Event "*** Titled Tuesday Blitz"]
[Site "Chess.com"]
[Date "2020.11.03"]
[Round "3"]
[White "profofchess"]
[Black "nocnypako"]
[Result "0-1"]
[WhiteElo "2362"]
[BlackElo "2576"]
[TimeControl "180+1"]
[EndTime "10:30:53 PST"]
[Termination "nocnypako won by checkmate"]

1. e4 c5 2. Nf3 d6 3. c3 Nf6 4.
Bc4 e6 5. Qe2 Be7 6. Bb3 O-O 7.
O-O b6 8. d3 Bb7 9. Nbd2 Nc6 10. Re1 Rc8 11. Nf1 b5 12. Bg5 a5 13. a4 b4 14. N1d2 h6 15. Bh4 Nh5 16. Bxe7 Qxe7 17. Nc4 Rcd8 18. Rad1 d5 19. exd5 Nf4 20. Qc2 Nxd5 21. Nfe5 Nxe5 22. Rxe5 Qc7 23. f3 Nf4 24. Re3 Rfe8 25. Ne5 Nd5 26. Re4 Nxc3 27. bxc3 Bxe4 28. Nxf7 Qxf7 29. fxe4 Qf6 30. cxb4 Qd4+ 31. Kh1 cxb4 32.
Bc4 Kh8 33. h3 e5 34. Qb3 Rf8 35. Be6 Qc3 36. Qa2 Rxd3 37. Rxd3 Qxd3 38. Bf5 b3 39. Qb2 Qc2 40. Qxe5 b2 41. Qe7 b1=Q+ 42. Kh2 Qb8+ 43. Kh1 Qc1# 0-1

[Event "*** Titled Tuesday Blitz"]
[Site "Chess.com"]
[Date "2020.11.03"]
[Round "3"]
[White "tptagain"]
[Black "giantslayer83"]
[Result "1-0"]
[WhiteElo "2958"]
[BlackElo "2710"]
[TimeControl "180+1"]
[EndTime "10:30:54 PST"]
[Termination "tptagain won by resignation"]

1. Nf3 d5 2. c4 e6 3. e3 Nf6 4. Nc3 a6 5. b3 b6 6. Bb2 Bb7 7. cxd5 exd5 8. g3 Nbd7 9. Bg2 d4 10.
exd4 Qe7+ 11. Ne2 g6 12. O-O Bg7 13. Rc1 Rc8 14. Ne5 Bxg2 15. Kxg2 O-O 16. Nf4 c5 17.
Re1 Nxe5 18. dxe5 Nd7 19. d4 cxd4 20. Rxc8 Rxc8 21. Qxd4 Rc2 22. Ba3 Bxe5 23. Qd3 Qxa3 24. Qxc2 Bxf4 25. gxf4 Nf6 26. Qc3 Qd6 27. Qe5 Qc6+ 28.
Kg1 Kg7 29. Rd1 Kh6 30. Rd6 Qc1+ 31. Kg2 Nh5 32. Qg5+ Kg7 33. Rd4 b5 34. Qe5+ Kh6 35. Qe3 Qc5 36. f5+ Kg7 37. fxg6 hxg6 38. Rg4 Qd5+ 39. Qe4 Qd2 40. Qd4+ Qxd4 41. Rxd4 Kf6 42. Rd6+ Ke5 43. Rxa6 Nf4+ 44. Kf3 Nd3 45. a4 bxa4 46.
bxa4 Nc5 47. Ra8 Kd4 48. a5 Kd5 49. a6 Kc6 50. Rc8+ Kb6 51. Rxc5 1-0

[Event "*** Titled Tuesday Blitz"]
[Site "Chess.com"]
[Date "2020.11.03"]
[Round "3"]
[White "AndrewMaco"]
[Black "S2PAc"]
[Result "1-0"]
[WhiteElo "2668"]
[BlackElo "2856"]
[TimeControl "180+1"]
[EndTime "10:30:54 PST"]
[Termination "AndrewMaco won by resignation"]

1. e4 c6 2. d4 d5 3. e5 c5 4.
dxc5 Nc6 5. Nf3 Bg4 6. a3 a6 7. b4 Nxe5 8. Nbd2 Nxf3+ 9. Nxf3 Nf6 10. Bb2 e6 11. Be2 Bxf3 12. Bxf3 Be7 13. O-O O-O 14. c4 Qc7 15. cxd5 Nxd5 16. Bxd5 exd5 17. Qxd5 Rad8 18. Qf3 Qc6 19. Qg3 Bf6 20. Bxf6 Qxf6 21. Qc7 Qc6 22. Qxc6 bxc6 23. Rad1 Rfe8 24. g3 f6 25. Kg2 Kf7 26. Kf3 a5 27. h4 axb4 28. axb4 Ra8 29. Rd7+ Kg6 30. Rfd1 h5 31. Rc7 Ra3+ 32.
Kg2 Rb3 33. Rdd7 Rg8 34. Rb7 Kf5 35. Rxg7 Ra8 36. Ra7 Rb8 37. Rgb7 Re8 38. Re7 Rb8 39. Ra4 Rd8 40. Re2 Rd4 41. Ra6 Rbxb4 42. Rxc6 Rbc4 43. Ree6 Rd5 44. Rxf6+ Ke5 45. Rce6+ Kd4 46. Rf4+ Kxc5 47. Rxc4+ Kxc4 48. Rg6 Kd4 49. Rg5 1-0

[Event "*** Titled Tuesday Blitz"]
[Site "Chess.com"]
[Date "2020.11.03"]
[Round "3"]
[White "yobdc"]
[Black "kinga2008"]
[Result "1-0"]
[WhiteElo "2326"]
[BlackElo "2071"]
[TimeControl "180+1"]
[EndTime "10:30:54 PST"]
[Termination "yobdc won on time"]

1. d4 c5 2. d5 e6 3. Nc3 Nf6 4. e4 exd5 5. exd5 d6 6. Nf3 Bg4 7.
h3 Bxf3 8. Qxf3 Nbd7 9. Bf4 Be7 10. O-O-O O-O 11. g4 a6 12. g5 Ne8 13. h4 b5 14. Kb1 f6 15. Qg3 b4 16. Ne4 Ne5 17.
Bh3 f5 18. Nxc5 dxc5 19. Bxe5 Nd6 20. Rhe1 Ne4 21. Qf4 Bd6 22. Bxd6 Nxd6 23. Re6 Ne4 24. d6 Qd7 25. Re7 Qd8 26. Bxf5 Nxd6 27. Be6+ Kh8 28.
Qxd6 Qa5 29. b3 Rad8 30. Bd7 c4 31. Qd4 Rg8 32. Qxc4 Qb6 33. Rde1 Qxf2 34. Qf7 Qc5 35. Re8 Rdxe8 36. Bxe8 Qc8 37. g6 h6 38. h5 Qd8 39.
Bd7 1-0

[Event "*** Titled Tuesday Blitz"]
[Site "Chess.com"]
[Date "2020.11.03"]
[Round "3"]
[White "Kildepiotr"]
[Black "GMHess"]
[Result "0-1"]
[WhiteElo "2647"]
[BlackElo "2868"]
[TimeControl "180+1"]
[EndTime "10:30:55 PST"]
[Termination "GMHess won by resignation"]

1. Nf3 g6 2. d4 Bg7 3. g3 d6 4. Bg2 e6 5. O-O Ne7 6. e4 a6 7. a4 b6 8. Nc3 Bb7 9. Ne1 Nd7 10. f4 c5 11. Be3 O-O 12. dxc5 Nxc5 13.
Nd3 Qc7 14. a5 b5 15. Nxc5 dxc5 16. e5 Bxg2 17. Kxg2 Nf5 18. Bf2 Rfd8 19. Qf3 Nd4 20. Qe4 Nc6 21. Bxc5 Nxa5 22. Bd6 Qb6 23. b3 Rac8 24.
Ne2 Nb7 25. Be7 Rd2 26. Rac1 Qc6 27. Qxc6 Rxc6 28. Kf3 Rcxc2 29. Rxc2 Rxc2 30. Rd1 Bf8 31. Rd7 Bxe7 32. Rxe7 Na5 33. Nd4 Rc3+ 34. Ke4 Nxb3 35. Nxb3 Rxb3 36. Ra7 Ra3 37. Kd4 Kg7 38. Kc5 Ra2 39.
Kd6 Rxh2 40. Rxa6 Rg2 41. Ke7 Rxg3 42. Rb6 Rf3 0-1

[Event "*** Titled Tuesday Blitz"]
[Site "Chess.com"]
[Date "2020.11.03"]
[Round "3"]
[White "ChronicUnhappiness"]
[Black "korbul"]
[Result "0-1"]
[WhiteElo "2345"]
[BlackElo "2553"]
[TimeControl "180+1"]
[EndTime "10:30:55 PST"]
[Termination "korbul won on time"]

1. c4 e6 2. d4 d5 3. Nc3 c5 4. e3 Nf6 5. Nf3 Nc6 6. a3 a6 7. dxc5 Bxc5 8. b4 Bd6 9. Bb2 O-O 10. Qb3 dxc4 11. Bxc4 b5 12. Be2 Bb7 13. O-O Qe7 14. Rac1 Rad8 15. Rfd1 Bb8 16. a4 e5 17. axb5 axb5 18.
Nxb5 e4 19. Nfd4 Qe5 20. g3 Nxd4 21. Rxd4 Qf5 22. Rxd8 Rxd8 23. Bxf6 gxf6 24. Nd4 Qg5 25. Nc6 Rd2 26. Rc2 Rxe2 27. Ne7+ Kf8 28. Rxe2 Kxe7 29.
Qc4 Qd5 30. Qxd5 Bxd5 31. Rd2 Ke6 32. Rc2 Kd6 33. h3 f5 34. g4 fxg4 35. hxg4 Be6 36. g5 Bc7 37. Kg2 Bd8 38. Rc5 Kd7 39. Kg3 Be7 40.
Rb5 Kc6 41. Ra5 Bxb4 42. Ra8 Bd6+ 43. Kh4 Bf5 44. Ra6+ Kd5 45. Ra5+ Ke6 46. Kh5 Bg6+ 47. Kh4 Be7 48. Kg4 Bd6 49. Ra6 Kd5 50. Ra5+ Bc5 51. Kf4 Kc4 0-1